General information
			
			
        
        - name: BNet
 
        - type: Ladder team game (AT/RT)
 
        - host: Battle.net
 
        - saver: clustercluck1
 
        
map: TidewaterGlades 
        - players: 4
 
        - length: 11:39
 
        - speed: Fast
 - version: 1.22 W3XP
 - replay type:  Public
 
» download(58 KB)
Players
        team 1 (loser) 
              
              
cdawg3x (
yellow | 75 APM | 871 actions | 11:38)
              
 3 Warden 
 2 Fan of Knives
 1 Blink
 
                » actions 
                
                | Assign group hotkey | 6 |  | 
| Basic commands | 3 |  | 
| Build / train | 57 |  | 
| Enter build submenu | 13 |  | 
| Enter hero's abilities submenu | 3 |  | 
| Remove unit from queue | 10 |  | 
| Right click | 461 |  | 
| Select / deselect | 150 |  | 
| Select group hotkey | 37 |  | 
| Use ability | 131 |  | 
                871 total
 » units 
                
                | Wisp | 23 |  | 
| Dryad | -2 |  | 
| Mountain Giant | 1 |  | 
                22 total
 » upgrades
                
                | Reinforced Hides | 1 |  | 
| Abolish Magic | 1 |  | 
| Hardened Skin | 1 |  | 
| Well Spring | 1 |  | 
| Strength of the Wild | 1 |  | 
                5 total
 » buildings
                
                | Altar of Elders | 1 |  | 
| Moon Well | 5 |  | 
| Tree of Ages | 2 |  | 
| Hunter's Hall | 1 |  | 
| Ancient of Lore | 2 |  | 
| Tree of Eternity | 1 |  | 
| Ancient of Wonders | 1 |  | 
                13 total
 » build order
                00:08 Altar of Elders
00:20 Moon Well
00:46 Moon Well
02:25 Tree of Ages
02:28 Hunter's Hall
02:34 Moon Well
02:58 Moon Well
05:46 Ancient of Lore
05:50 Ancient of Lore
05:56 Tree of Eternity
05:59 Ancient of Wonders
09:38 Moon Well
» items
                
                | Rod of Necromancy | 1 |  | 
| Orb of Venom | 1 |  | 
| Moonstone | 2 |  | 
| Potion of Healing | 2 |  | 
| Lesser Clarity Potion | 1 |  | 
| Potion of Mana | 1 |  | 
                8 total
  
               
              
              
» 
meatball53 (
red | 59 APM | 676 actions | 11:27)
              
 2 Death Knight 
 1 Death Coil
 1 Unholy Aura
 
                » actions 
                
                | Assign group hotkey | 9 |  | 
| Basic commands | 4 |  | 
| Build / train | 38 |  | 
| Enter build submenu | 12 |  | 
| Enter hero's abilities submenu | 2 |  | 
| Remove unit from queue | 3 |  | 
| Right click | 269 |  | 
| Select / deselect | 150 |  | 
| Select group hotkey | 172 |  | 
| Use ability | 17 |  | 
                676 total
 » units 
                
                | Acolyte | 15 |  | 
| Ghoul | 8 |  | 
| Crypt Fiend | 6 |  | 
                29 total
 » upgrades
                » buildings
                
                | Altar of Darkness | 1 |  | 
| Ziggurat | 4 |  | 
| Crypt | 1 |  | 
| Graveyard | 1 |  | 
| Tomb of Relics | 1 |  | 
| Spirit Tower | 2 |  | 
                10 total
 » build order
                00:04 Altar of Darkness
00:13 Ziggurat
00:34 Crypt
00:55 Graveyard
01:12 Ziggurat
01:45 Tomb of Relics
03:01 Spirit Tower
04:16 Spirit Tower
06:44 Ziggurat
06:46 Ziggurat
 
               team 2 (winner) 
              
              
clustercluck1 (
green | 78 APM | 915 actions | 11:39)
              
 4 Dark Ranger 
 2 Black Arrow
 2 Life Drain
 1 Crypt Lord 
 1 Carrion Beetles
 
                » actions 
                
                | Assign group hotkey | 36 |  | 
| Build / train | 34 |  | 
| Enter build submenu | 16 |  | 
| Enter hero's abilities submenu | 5 |  | 
| Right click | 323 |  | 
| Select / deselect | 131 |  | 
| Select group hotkey | 321 |  | 
| Use ability | 49 |  | 
                915 total
 » units 
                » buildings
                
                | Crypt | 2 |  | 
| Ziggurat | 5 |  | 
| Altar of Darkness | 1 |  | 
| Tomb of Relics | 2 |  | 
| Halls of the Dead | 1 |  | 
| Black Citadel | 1 |  | 
| Graveyard | 1 |  | 
                13 total
 » build order
                00:04 Crypt
00:05 Ziggurat
00:46 Ziggurat
00:53 Altar of Darkness
01:37 Tomb of Relics
01:39 Tomb of Relics
01:55 Crypt
02:23 Ziggurat
06:20 Halls of the Dead
07:11 Ziggurat
07:13 Ziggurat
08:59 Black Citadel
09:52 Graveyard
» items
                
                | Rod of Necromancy | 3 |  | 
| Dust of Appearance | 1 |  | 
                4 total
  
               
              
              
Wereshrew1 (
orange | 140 APM | 1635 actions | 11:39)
              
 3 Keeper of the Grove 
 2 Force of Nature
 1 Entangling Roots
 
                » actions 
                
                | Assign group hotkey | 11 |  | 
| Build / train | 28 |  | 
| Enter build submenu | 9 |  | 
| Enter hero's abilities submenu | 3 |  | 
| Remove unit from queue | 1 |  | 
| Right click | 752 |  | 
| Select / deselect | 211 |  | 
| Select group hotkey | 577 |  | 
| Use ability | 43 |  | 
                1635 total
 » units 
                » buildings
                
                | Altar of Elders | 1 |  | 
| Moon Well | 4 |  | 
| Ancient of War | 2 |  | 
| Tree of Ages | 1 |  | 
                8 total
 » build order
                00:05 Altar of Elders
00:18 Moon Well
00:40 Ancient of War
01:29 Moon Well
04:02 Ancient of War
06:48 Moon Well
07:09 Moon Well
08:17 Tree of Ages
» items
                 
                Chat log
          
(11:33 / All) cdawg3x: gg 
(11:36 / All) Wereshrew1: gg